3227 views
Uploaded 2020-05-21 20:48:47
Game version 1.32.4 / 1.32.5
12:47 long 2on2 ladder game on (4)SynergyBigPaved
Saved by SpaceCptNav
3227 views
Uploaded 2020-05-21 20:48:47
Game version 1.32.4 / 1.32.5
12:47 long 2on2 ladder game on (4)SynergyBigPaved


46 units @ 6.4k
/ 0.5k
36 buildings @ 5.4k
/ 1.8k


| Healing Salve | 8 | 800 |
| Scroll of Speed | 2 | 100 |
| Lesser Clarity Potion | 3 | 210 |
| Potion of Healing | 1 | 150 |
| Potion of Mana | 1 | 200 |
| Staff of Teleportation | 1 | 150 |
| Circlet of Nobility | 1 | 175 |
| Potion of Lesser Invulnerability | 1 | 150 |
| total: | 18 | 1935g |
| Peon | 7 | 525 | / | 0 |
| Grunt | 6 | 1200 | / | 0 |
| Raider | 3 | 540 | / | 120 |
| Spirit Walker | 2 | 390 | / | 70 |
| Kodo Beast | 2 | 510 | / | 120 |
| total: | 20 | 3165g | / | 310w |
| Altar of Storms | 13 | 2340 | / | 650 |
| Orc Burrow | 4 | 640 | / | 160 |
| Barracks | 1 | 180 | / | 50 |
| Voodoo Lounge | 2 | 260 | / | 60 |
| War Mill | 1 | 205 | / | 0 |
| Beastiary | 1 | 145 | / | 140 |
| Tauren Totem | 1 | 135 | / | 155 |
| Stronghold | 1 | 315 | / | 190 |
| total: | 23 | 3905g | / | 1215w |
| 0:01 | Peon |
| 0:02 | Altar of Storms |
| 0:03 | Altar of Storms |
| 0:03 | Altar of Storms |
| 0:03 | Altar of Storms |
| 0:04 | Altar of Storms |
| 0:04 | Altar of Storms |
| 0:04 | Altar of Storms |
| 0:05 | Altar of Storms |
| 0:05 | Altar of Storms |
| 0:05 | Altar of Storms |
| 0:06 | Altar of Storms |
| 0:06 | Altar of Storms |
| 0:06 | Altar of Storms |
| 0:10 | Peon |
| 0:16 | Orc Burrow |
| 0:17 | Peon |
| 0:36 | Barracks |
| 0:44 | Peon |
| 0:55 | Peon |
| 1:18 | Peon |
| 1:27 | Voodoo Lounge |
| 1:28 | Voodoo Lounge |
| 1:36 | Grunt |
| 1:42 | Peon |
| 2:01 | Orc Burrow |
| 2:05 | Wind Walk |
| 2:46 | Stronghold |
| 2:55 | Grunt |
| 3:08 | Healing Salve |
| 3:09 | Healing Salve |
| 3:12 | Scroll of Speed |
| 3:44 | Grunt |
| 3:52 | Staff of Teleportation |
| 4:12 | Critical Strike |
| 4:14 | Orc Burrow |
| 4:34 | War Mill |
| 4:44 | Circlet of Nobility |
| 5:10 | Berserker Strength |
| 5:22 | Beastiary |
| 5:49 | Tauren Totem |
| 6:04 | Wind Walk |
| 6:19 | Grunt |
| 6:23 | Healing Salve |
| 6:23 | Healing Salve |
| 6:23 | Scroll of Speed |
| 6:25 | Hex |
| 6:34 | Raider |
| 7:09 | Spirit Walker |
| 7:10 | Ensnare |
| 7:43 | Spirit Walker Adept Training |
| 8:08 | Reinforced Defenses |
| 8:36 | Kodo Beast |
| 9:01 | Orc Burrow |
| 9:36 | Healing Salve |
| 9:36 | Healing Salve |
| 9:36 | Lesser Clarity Potion |
| 9:51 | Potion of Healing |
| 9:51 | Potion of Mana |
| 10:08 | Spirit Walker |
| 10:17 | Raider |
| 10:40 | Potion of Lesser Invulnerability |
| 10:46 | Raider |
| 11:00 | Grunt |
| 11:05 | Lesser Clarity Potion |
| 11:41 | Kodo Beast |
| 11:53 | Grunt |
| 12:07 | Healing Salve |
| 12:11 | Lesser Clarity Potion |
| 12:11 | Healing Salve |
| 12:25 | Critical Strike |
| Right click | 1567 |
| Select group | 1498 |
| Select | 335 |
| Chat | 157 |
| Assign group | 120 |
| Build/train/purchase | 81 |
| Use ability | 54 |
| Misc. action | 26 |
| Minimap ping | 3 |
| Item give/drop | 2 |


| Scroll of Regeneration | 2 | 200 |
| Lesser Clarity Potion | 1 | 70 |
| Potion of Healing | 3 | 450 |
| Potion of Mana | 1 | 200 |
| total: | 7 | 920g |
| Peasant | 13 | 975 | / | 0 |
| Footman | 6 | 810 | / | 0 |
| Spell Breaker | 5 | 1075 | / | 150 |
| Priest | 1 | 135 | / | 10 |
| Ice Troll Trapper | 1 | 200 | / | 20 |
| total: | 26 | 3195g | / | 180w |
| Altar of Kings | 1 | 180 | / | 50 |
| Farm | 7 | 560 | / | 140 |
| Barracks | 1 | 160 | / | 60 |
| Arcane Vault | 1 | 130 | / | 30 |
| Blacksmith | 1 | 140 | / | 60 |
| Arcane Sanctum | 2 | 300 | / | 280 |
| Keep | 1 | 320 | / | 210 |
| total: | 13 | 1470g | / | 620w |
| 0:02 | Peasant |
| 0:02 | Peasant |
| 0:06 | Altar of Kings |
| 0:11 | Farm |
| 0:18 | Barracks |
| 0:26 | Peasant |
| 0:36 | Peasant |
| 0:48 | Farm |
| 0:51 | Peasant |
| 1:05 | Peasant |
| 1:19 | Footman |
| 1:29 | Farm |
| 1:30 | Peasant |
| 1:36 | Footman |
| 1:44 | Peasant |
| 1:57 | Footman |
| 2:06 | Peasant |
| 2:08 | Summon Water Elemental |
| 2:26 | Peasant |
| 2:26 | Peasant |
| 2:51 | Farm |
| 2:58 | Peasant |
| 2:59 | Brilliance Aura |
| 3:24 | Peasant |
| 3:31 | Ice Troll Trapper |
| 3:39 | Keep |
| 4:04 | Footman |
| 4:15 | Arcane Vault |
| 4:36 | Footman |
| 4:39 | Farm |
| 4:40 | Farm |
| 4:58 | Defend |
| 5:04 | Summon Water Elemental |
| 5:29 | Scroll of Regeneration |
| 5:30 | Scroll of Regeneration |
| 5:43 | Footman |
| 6:25 | Arcane Sanctum |
| 6:25 | Arcane Sanctum |
| 6:29 | Lesser Clarity Potion |
| 7:12 | Storm Bolt |
| 7:52 | Spell Breaker |
| 8:25 | Spell Breaker |
| 9:08 | Spell Breaker |
| 9:11 | Priest Adept Training |
| 9:12 | Priest |
| 9:19 | Brilliance Aura |
| 9:21 | Thunder Clap |
| 9:28 | Potion of Healing |
| 9:32 | Potion of Healing |
| 9:39 | Farm |
| 10:03 | Spell Breaker |
| 10:26 | Blacksmith |
| 10:29 | Spell Breaker |
| 11:30 | Potion of Mana |
| 11:31 | Potion of Healing |
| Right click | 757 |
| Select group | 461 |
| Select | 377 |
| Build/train/purchase | 83 |
| Assign group | 49 |
| Misc. action | 37 |
| Chat | 26 |
| Minimap ping | 11 |
| Use ability | 10 |
| Item give/drop | 3 |
| Esc | 2 |
57 units @ 7.3k
/ 0.7k
25 buildings @ 4.5k
/ 1.7k


| Boots of Speed | 1 | 250 |
| Staff of Teleportation | 1 | 150 |
| total: | 2 | 400g |
| Wisp | 12 | 720 | / | 0 |
| Huntress | 12 | 2340 | / | 240 |
| total: | 24 | 3060g | / | 240w |
| Altar of Elders | 1 | 180 | / | 50 |
| Moon Well | 6 | 1080 | / | 240 |
| Hunter's Hall | 1 | 210 | / | 100 |
| Ancient of War | 3 | 450 | / | 180 |
| Tree of Ages | 1 | 320 | / | 180 |
| total: | 11 | 1920g | / | 570w |
| 0:03 | Wisp |
| 0:03 | Wisp |
| 0:03 | Wisp |
| 0:03 | Wisp |
| 0:04 | Wisp |
| 0:18 | Altar of Elders |
| 0:32 | Moon Well |
| 1:00 | Moon Well |
| 1:25 | Wisp |
| 1:25 | Wisp |
| 1:25 | Wisp |
| 1:25 | Wisp |
| 1:26 | Wisp |
| 1:26 | Wisp |
| 1:27 | Wisp |
| 1:59 | Hunter's Hall |
| 2:17 | Ancient of War |
| 2:23 | Black Arrow |
| 2:30 | Ancient of War |
| 2:32 | Ancient of War |
| 3:23 | Tree of Ages |
| 3:37 | Huntress |
| 3:52 | Boots of Speed |
| 3:52 | Staff of Teleportation |
| 4:11 | Huntress |
| 4:23 | Moon Well |
| 5:18 | Huntress |
| 5:33 | Life Drain |
| 5:39 | Moon Well |
| 5:42 | Huntress |
| 6:27 | Black Arrow |
| 6:34 | Strength of the Moon |
| 6:34 | Moon Armor |
| 6:44 | Acid Bomb |
| 6:51 | Moon Glaive |
| 8:11 | Huntress |
| 8:40 | Huntress |
| 8:52 | Huntress |
| 9:29 | Huntress |
| 9:47 | Huntress |
| 10:19 | Life Drain |
| 10:23 | Moon Well |
| 10:27 | Sentinel |
| 10:42 | Huntress |
| 10:54 | Moon Well |
| 11:02 | Healing Spray |
| 11:32 | Huntress |
| 11:49 | Huntress |
| Right click | 1215 |
| Select group | 636 |
| Assign group | 494 |
| Select | 363 |
| Chat | 116 |
| Misc. action | 65 |
| Build/train/purchase | 54 |
| Use ability | 12 |
| Item give/drop | 1 |
| Minimap ping | 1 |


| Scroll of Healing | 2 | 500 |
| Boots of Speed | 1 | 250 |
| Staff of Teleportation | 1 | 150 |
| Potion of Lesser Invulnerability | 2 | 300 |
| total: | 6 | 1200g |
| Wisp | 18 | 1080 | / | 0 |
| Archer | 2 | 260 | / | 20 |
| Druid of the Claw | 1 | 255 | / | 80 |
| Dryad | 1 | 145 | / | 60 |
| Ice Troll Trapper | 6 | 1200 | / | 120 |
| Ice Troll Berserker | 3 | 735 | / | 90 |
| Gnoll Overseer | 2 | 610 | / | 70 |
| total: | 33 | 4285g | / | 440w |
| Altar of Elders | 1 | 180 | / | 50 |
| Moon Well | 7 | 1260 | / | 280 |
| Ancient of War | 1 | 150 | / | 60 |
| Tree of Life | 1 | 340 | / | 185 |
| Hunter's Hall | 1 | 210 | / | 100 |
| Ancient of Lore | 3 | 465 | / | 435 |
| Tree of Ages | 1 | 320 | / | 180 |
| Tree of Eternity | 1 | 330 | / | 200 |
| total: | 14 | 2605g | / | 1110w |
| 0:02 | Altar of Elders |
| 0:03 | Wisp |
| 0:04 | Wisp |
| 0:04 | Wisp |
| 0:14 | Moon Well |
| 0:32 | Ancient of War |
| 0:47 | Wisp |
| 0:47 | Wisp |
| 1:00 | Wisp |
| 1:00 | Wisp |
| 1:14 | Wisp |
| 1:33 | Archer |
| 1:40 | Moon Well |
| 2:16 | Wisp |
| 2:20 | Mana Burn |
| 2:32 | Ice Troll Trapper |
| 2:32 | Ice Troll Trapper |
| 2:57 | Evasion |
| 2:58 | Wisp |
| 3:00 | Wisp |
| 3:00 | Wisp |
| 3:14 | Tree of Life |
| 3:21 | Archer |
| 3:26 | Moon Well |
| 3:51 | Ice Troll Berserker |
| 4:35 | Tree of Ages |
| 4:39 | Hunter's Hall |
| 5:05 | Mana Burn |
| 5:16 | Ice Troll Trapper |
| 5:16 | Ice Troll Trapper |
| 5:30 | Boots of Speed |
| 5:32 | Staff of Teleportation |
| 5:43 | Moon Well |
| 6:19 | Wisp |
| 6:33 | Wisp |
| 6:33 | Wisp |
| 6:34 | Wisp |
| 7:26 | Wisp |
| 7:31 | Frost Arrows |
| 8:14 | Ice Troll Berserker |
| 8:14 | Gnoll Overseer |
| 8:49 | Mana Shield |
| 8:57 | Wisp |
| 9:00 | Ancient of Lore |
| 9:00 | Ancient of Lore |
| 9:01 | Ancient of Lore |
| 9:32 | Ice Troll Trapper |
| 10:21 | Tree of Eternity |
| 10:22 | Druid of the Claw Adept Training |
| 10:23 | Druid of the Claw |
| 10:32 | Scroll of Healing |
| 10:33 | Scroll of Healing |
| 10:33 | Potion of Lesser Invulnerability |
| 10:33 | Potion of Lesser Invulnerability |
| 11:00 | Gnoll Overseer |
| 11:01 | Ice Troll Berserker |
| 11:01 | Ice Troll Trapper |
| 11:24 | Evasion |
| 12:34 | Dryad |
| 12:37 | Moon Well |
| 12:37 | Moon Well |
| 12:38 | Moon Well |
| 12:41 | Mana Shield |
| Right click | 947 |
| Select group | 778 |
| Select | 285 |
| Chat | 204 |
| Build/train/purchase | 60 |
| Misc. action | 51 |
| Use ability | 38 |
| Assign group | 24 |
| Item give/drop | 3 |
| Minimap ping | 2 |
| Esc | 1 |
โ